 Dungeon Crawl Stone Soup version 0.26-a0-1132-ge9770dfcb6 (console) character file.

Game seed: 12736419707364077360

557 jejorda2 the Chiller (level 7, -4/48 (51) HPs)
             Began as a Merfolk Ice Elementalist on Dec 19, 2020.
             Shot with an arrow by a centaur (16 damage)
             ... on level 6 of the Dungeon on Dec 20, 2020.
             The game lasted 00:16:40 (5554 turns).

jejorda2 the Chiller (Merfolk Ice Elementalist)     Turns: 5554, Time: 00:16:40

HP:   -4/48 (51)    AC:  8    Str:  8    XL:     7   Next: 30%
MP:   11/12         EV: 12    Int: 17    God:
Gold: 354           SH:  0    Dex: 14    Spells: 5/13 levels left

rFire    . . .     SeeInvis .   a - +1 spear
rCold    . . .     Faith    .   (no shield)
rNeg     . . .     Spirit   .   h - +0 leather armour
rPois    +         Reflect  .   (no helmet)
rElec    .         Harm     .   q - +1 cloak
rCorr    .         Rampage  .   d - +2 pair of gloves
Will     .....                  (no boots)
Stlth    +.........             (no amulet)
HPRegen  0.16/turn              k - ring of attention
MPRegen  0.13/turn              m - ring of poison resistance

@: hasted, drained, very quick
A: change form in water, swift swim, stealthy swim
a: no special abilities


You were on level 6 of the Dungeon.
You visited 1 branch of the dungeon, and saw 6 of its levels.

You collected 354 gold pieces.

Inventory:

Hand Weapons
 a - a +1 spear (weapon)
Missiles
 c - 237 stones
 g - 18 poisoned darts
 t - 8 boomerangs
 F - 4 boomerangs of dispersal (quivered)
 L - 7 javelins
Armour
 d - a +2 pair of gloves (worn)
 h - a +0 leather armour (worn)
 q - a +1 cloak (worn)
Jewellery
 k - a ring of attention (left hand)
 m - a ring of poison resistance (right hand)
Wands
 r - a wand of random effects (31)
 C - a wand of iceblast (9)
 N - a wand of digging (6)
Scrolls
 l - a scroll of fog
 n - a scroll of immolation
 u - a scroll of amnesia
 y - a scroll of remove curse
 z - 4 scrolls of enchant armour
 J - 2 scrolls of fear
Potions
 b - a potion of heal wounds {unknown}
 e - 2 potions of degeneration
 j - a potion of haste
 v - 3 potions of mutation
 w - 2 potions of brilliance
 B - a potion of lignification {unknown}
 E - 3 potions of might
 G - 2 potions of curing
 H - a potion of ambrosia {unknown}
 I - a potion of cancellation {unknown}
 K - a potion of attraction {unknown}
 O - a potion of resistance


   Skills:
 - Level 2.7 Fighting
 * Level 5.7 Polearms
 - Level 2.6 Dodging
 - Level 2.1 Stealth
 + Level 3.6 Spellcasting
 + Level 5.8 Ice Magic
 + Level 2.5 Evocations


You had 5 spell levels left.
You knew the following spells:

 Your Spells              Type           Power        Failure   Level
a - Freeze                Ice            88%          2%          1
b - Frozen Ramparts       Ice            44%          7%          3
c - Summon Ice Beast      Ice/Summ       12%          58%         4

Your spell library contained the following spells:

 Spells                   Type           Power        Failure   Level
 Ozocubu's Armour         Ice            22%          7%          3
 Hailstorm                Conj/Ice       12%          58%         4


Dungeon Overview and Level Annotations

Branches:
Dungeon (6/15)
 Temple: D:4-7

Altars:
Cheibriados
Dithmenos
Fedhas
Hepliaklqana
Makhleb
Nemelex Xobeh


Message History

The wight freezes you.
* * * LOW HITPOINT WARNING * * *
The wight barely misses you.
Throw: 6 boomerangs (disperse)
Press: ? - help, Q - select action, (/) - cycle Shift-Dir - straight line, f/p - wight
Aim: a wight, wielding a +3 spear of freezing and wearing a +0 robe (heavily damaged)
You throw a boomerang of dispersal.
The boomerang of dispersal hits the wight but does no damage.
The wight is heavily damaged.
The wight barely misses you.
Throw: 5 boomerangs (disperse)
Press: ? - help, Q - select action, (/) - cycle Shift-Dir - straight line, f/p - wight
Aim: a wight, wielding a +3 spear of freezing and wearing a +0 robe (heavily damaged)
You throw a boomerang of dispersal.
The boomerang of dispersal hits the wight.
The wight blinks!
You feel yourself speed up.
The centaur shouts!
You hear a shout!
The centaur shoots an arrow.
The arrow hits you!
You die...

P.P... ##.###
.##.....## ...... ..
..#.. .≈≈≈ ≈# .
#..... ..# #.#.# ##≈#
≈##. ..... ..#
#.#.###..+ +... ...
..#
##.......≈###≈####
#.###.#
#....<..c§§≈≈≈...#
#####..##.#
#.....###§§.§>....
#.........# #....##
##§§§§.§..
#.........######@..##
#§§§§.§..
#......(....(......#
#§§§§....
#.........##########
#.§§....# #.........#
#.......# ###########
#.......# #########


You could see a centaur.

Vanquished Creatures
  A scorpion (D:5)
  A howler monkey (D:4)
  2 hounds (D:4)
  An orc wizard (D:4)
  A jelly (D:5)
  8 worker ants (D:4)
  8 adders
  A shadow imp (D:5)
  A white imp (D:5)
  An ufetubus (D:5)
  3 worms
  3 dart slugs
  A leopard gecko (D:1)
  4 orcs
  2 giant cockroaches
  4 hobgoblins
  4 jackals (D:5)
  A quokka (D:3)
  A ball python (D:3)
  7 bats
  3 frilled lizards
  6 goblins
  7 kobolds
  5 rats
76 creatures vanquished.

Vanquished Creatures (others)
  10 plants (D:2)
10 creatures vanquished.

Grand Total: 86 creatures vanquished

Notes
Turn   | Place    | Note
-------+----------+-------------------------------------------
     0 | D:1      | jejorda2 the Merfolk Ice Elementalist began the quest for
                  | the Orb.
     0 | D:1      | Reached XP level 1. HP: 13/13 MP: 3/3
   405 | D:1      | Reached skill level 1 in Fighting
   523 | D:1      | Reached XP level 2. HP: 21/21 MP: 0/5
   788 | D:1      | Found a sparkling altar of Nemelex Xobeh.
  1216 | D:2      | Reached XP level 3. HP: 27/27 MP: 0/6
  1938 | D:2      | Learned a level 3 spell: Frozen Ramparts
  2003 | D:2      | Reached XP level 4. HP: 33/34 MP: 7/7
  2012 | D:2      | Found a sparkling altar of Nemelex Xobeh.
  2408 | D:2      | Found a snail-covered altar of Cheibriados.
  2764 | D:3      | Reached skill level 1 in Polearms
  3510 | D:3      | Reached skill level 5 in Ice Magic
  3543 | D:3      | Found a shadowy altar of Dithmenos.
  3543 | D:3      | Noticed a shadow
  3544 | D:3      | Found a hazy altar of Hepliaklqana.
  3651 | D:4      | Reached skill level 1 in Evocations
  3651 | D:4      | Reached XP level 5. HP: 38/39 MP: 3/9
  3730 | D:4      | Found a burning altar of Makhleb.
  3839 | D:4      | Reached XP level 6. HP: 42/46 MP: 4/10
  4228 | D:4      | Reached skill level 5 in Polearms
  4231 | D:4      | Reached XP level 7. HP: 51/51 MP: 8/12
  4582 | D:5      | Entered Level 5 of the Dungeon
  4676 | D:5      | Learned a level 4 spell: Summon Ice Beast
  5526 | D:6      | Found a blossoming altar of Fedhas.
  5554 | D:6      | Shot with an arrow by a centaur

Illustrated notes

Levels and vault maps discovered:
D:1:      tarquinn_simple_flora_water_c, layout_loops_corners,
          nemelex_xobeh_ov_fountains_minmay
D:2:      layout_basic, lemuel_doored_altar, lemuel_round_altar, serial_bayou,
          serial_bayou_shore_b, serial_bayou_shore_b, serial_bayou_shore_a,
          serial_bayou_lake_a, kennysheep_nondescript
D:3:      layout_basic, riverfiend_overflow_shadow_ancestor
D:4:      layout_loops_ring, bloody_makhleb, kennysheep_small_square
D:5:      kennysheep_big_flooded_room, layout_basic
D:6:      minmay_flawed_box, layout_rooms, serial_shops, kennysheep_mini_moat,
          fedhas_altar_1, uniq_eustachio, uniq_duvessa

Skill      XL: |  1  2  3  4  5  6 |
---------------+-------------------+-----
Fighting       | 1 2 |  2.7
Polearms       | 2 3 5 |  5.7
Ice Magic      | 5 |  5.8
Evocations     | 1 2 |  2.5
Spellcasting   | 3 |  3.6
Dodging        | |  2.6
Stealth        | |  2.1

Action                   |  1- 3 |  4- 6 |  7- 9 || total
-------------------------+-------+-------+-------++-------
Melee: Unarmed           |     2 |       |       ||     2
       Dagger            |     6 |       |       ||     6
       Spear             |    29 |    31 |    55 ||   115
       Tailslap          |     1 |       |       ||     1
Throw: Dart              |     6 |    16 |     2 ||    24
       Javelin           |       |       |     2 ||     2
       Boomerang         |       |       |     2 ||     2
 Cast: Freeze            |    37 |    35 |     6 ||    78
       Frozen Ramparts   |       |     8 |     4 ||    12
  Use: Scroll            |       |       |    16 ||    16
       Potion            |       |       |     1 ||     1
Armor: Leather armour    |    16 |    18 |     7 ||    41
Dodge: Dodged            |    34 |    35 |    34 ||   103

Table legend: (Time is in decaauts)
 A = Elapsed time spent in this place.
 B = Non-inter-level travel time spent in this place.
 C = Inter-level travel time spent in this place.
 D = Time resting spent in this place.
 E = Time spent auto-exploring this place.
 F = Levels seen in this place.
 G = Mean time per level.
                   A        B        C        D        E       F      G
               +--------+--------+--------+--------+--------+-----+--------+
         Total |   5475 |   5276 |    199 |     18 |   4478 |   6 |  912.5 |
       Dungeon |   5475 |   5276 |    199 |     18 |   4478 |   6 |  912.5 |
               +--------+--------+--------+--------+--------+-----+--------+

Top non-repeatable levels by time:
     D:2: 1386 daAuts
     D:1: 1166 daAuts
     D:3: 992 daAuts
     D:4: 968 daAuts
     D:5: 863 daAuts
     D:6: 97 daAuts
